 Dungeon Crawl Stone Soup version 0.20-a0-502-g555d78b (webtiles) character file.

102 kae the Slasher (level 4, -9/41 HPs)
             Began as a Minotaur Fighter on Jan 20, 2017.
             Mangled by an orc warrior
             ... wielding a +0 flail
              (18 damage)
             ... on level 3 of the Dungeon.
             The game lasted 00:00:43 (1622 turns).

kae the Slasher (Minotaur Fighter)                  Turns: 1622, Time: 00:00:44

Health: -9/41      AC:  7    Str: 21    XL:     4   Next: 50%
Magic:  3/3        EV:  7    Int:  5    God:
Gold:   72         SH:  9    Dex: 10    Spells: 3/3 levels left

rFire    . . .     SeeInvis .   a - +0 long sword
rCold    . . .     Gourm    .   b - +0 scale mail
rNeg     . . .     Faith    .   c - +0 shield
rPois    .         Spirit   .   (helmet restricted)
rElec    .         Reflect  .   (no cloak)
rCorr    .         Harm     .   (no gloves)
MR       .....                  (no boots)
Stlth    ..........             (no amulet)
Regen    0.2/turn               (no ring)
                                (no ring)

@: no status effects
A: retaliatory headbutt, horns 2
a: no special abilities


You were on level 3 of the Dungeon.
You were very hungry.

You visited 1 branch of the dungeon, and saw 3 of its levels.

You collected 72 gold pieces.

Inventory:

Hand Weapons
 a - a +0 long sword (weapon)
Armour
 b - a +0 scale mail (worn)
 c - a +0 shield (worn)
Jewellery
 j - an uncursed ring of protection from cold {unknown}
 l - an uncursed ring of magical power {unknown}
 q - a +3 ring of protection {unknown}
Scrolls
 e - 2 scrolls of noise {unknown}
 h - 3 scrolls of identify {unknown}
 i - a scroll of recharging {unknown}
 m - a scroll of blinking {unknown}
 o - a scroll of enchant weapon {unknown}
 p - a scroll of enchant armour {unknown}
Potions
 d - a potion of might
 g - 2 potions of berserk rage {unknown}
 k - a potion of curing {unknown}
 n - a potion of haste {unknown}
Comestibles
 f - a bread ration


   Skills:
 + Level 4.5 Fighting
 * Level 4.6 Long Blades
 + Level 4.2 Armour
 - Level 3.6 Shields


You had 3 spell levels left.
You didn't know any spells.

Dungeon Overview and Level Annotations

Branches:
Dungeon (3/15)

Altars:


Innate Abilities, Weirdness & Mutations

You reflexively headbutt those who attack you in melee.
You have a pair of horns on your head.


Message History

The orc warrior is almost dead.
You block the orc's attack. x2
The orc warrior hits you but does no damage.
Okay, then.
You closely miss the orc warrior.
The orc warrior is almost dead.
You block the orc warrior's attack.
You closely miss the orc warrior. Your headbutt misses the orc warrior.
The orc warrior is almost dead.
You block the orc warrior's attack. The orc warrior completely misses you.
You barely miss the orc warrior. Your headbutt misses the orc warrior.
The orc warrior is almost dead.
The orc warrior hits you with a flail!!
* * * LOW HITPOINT WARNING * * *
A kobold comes into view. It is wielding a club.
The kobold shouts!
You hit the orc warrior but do no damage.
The orc warrior is almost dead.
The orc warrior hits you with a flail!!
You die...

#.# #.# # #.# .. #.#
#.. #.# #... #.#
#.... #.#
.....o############.#
.....Kooo@..>......#
..#..Kr#############
....K.o #..#... #.
#... # #... ##.. #..


You could see an orc warrior, 3 orcs, a quokka and 3 kobolds.

Vanquished Creatures
  Jessica (D:2)
  2 adders (D:2)
  An ooze (D:2)
  A worm (D:2)
  A dart slug (D:1)
  A leopard gecko (D:1)
  A ball python (D:2)
  8 bats
  A giant cockroach (D:1)
  7 goblins
  6 hobgoblins
  4 jackals (D:1)
  2 frilled lizards (D:2)
  5 kobolds
  5 rats
46 creatures vanquished.

Notes
Turn   | Place    | Note
-------+----------+-------------------------------------------
     0 | D:1      | kae the Minotaur Fighter began the quest for the Orb.
     0 | D:1      | Reached XP level 1. HP: 19/19 MP: 0/0
    65 | D:1      | Reached XP level 2. HP: 24/27 MP: 1/1
   494 | D:1      | Reached XP level 3. HP: 33/33 MP: 2/2
  1014 | D:2      | Noticed Jessica
  1015 | D:2      | Killed Jessica
  1015 | D:2      | Reached XP level 4. HP: 37/41 MP: 3/3
  1605 | D:3      | Noticed an orc warrior
  1622 | D:3      | Mangled by an orc warrior

Vault maps used:
D:1:      eino_arrival_tree_alley
D:2:      uniq_jessica
D:3:      cheibrodos_thug_alley, grunt_temple_overflow_growth_and_decay,
          tso_altar, eat_drink_and_be_merry_uskayaw, uniq_sigmund

Skill      XL: |  1  2  3 |
---------------+----------+-----
Fighting       | 4 |  4.5
Long Blades    | 3 4 |  4.6
Armour         | 4 |  4.2
Shields        | |  3.6

Action                   |  1- 3 |  4- 6 || total
-------------------------+-------+-------++-------
Melee: Long sword        |    73 |    61 ||   134
       Headbutt          |     8 |     8 ||    16
  Eat: Chunk             |       |     1 ||     1
Armor: Scale mail        |    40 |    35 ||    75
Dodge: Dodged            |    15 |    19 ||    34
Block: Shield            |    36 |    46 ||    82
       Rpst.: Long sword |     2 |     4 ||     6
